Match 46305996
Unlisted

Match 46305996
End
Selects Special Operations Battlegroup
Construct Barracks
Selects M29 Weasel Recon Vehicle
M29 Weasel Recon Vehicle
Riflemen Squad
Riflemen Squad
Construct Medical Station
Infantry Support Center
Riflemen Squad
Construct Motor Pool
M8 Greyhound Armored Car
Engineer Squad
Grenade Package
M1918 Browning Automatic Rifles
M1 Anti-tank Gun Team
Construct Tank Depot
M4A1 Sherman Medium Tank
DebaKLeTV
schulz
엽하
7k this year for sure
0
0

Comments sign in to comment!

No comments posted yet!